 Dungeon Crawl Stone Soup version 0.23-a0-650-ga4d50d4 (webtiles) character file.

176 Firecrotchwizard the Insei (level 5, -5/37 HPs)
             Began as a Demonspawn Transmuter on Jan 4, 2019.
             Slain by an iron imp (10 damage)
             ... summoned by Natasha
             ... on level 3 of the Dungeon.
             The game lasted 00:08:04 (3371 turns).

Firecrotchwizard the Insei (Demonspawn Transmuter)  Turns: 3371, Time: 00:08:04

Health: -5/37      AC:  3    Str: 10    XL:     5   Next: 30%
Magic:  7/8        EV: 12    Int: 15    God:
Gold:   125        SH:  0    Dex: 14    Spells: 2/8 levels left

rFire    . . .     SeeInvis .   i - +4 dagger
rCold    . . .     Gourm    .   (no shield)
rNeg     . . .     Faith    .   b - +0 robe
rPois    .         Spirit   .   (no helmet)
rElec    .         Reflect  .   (no cloak)
rCorr    +         Harm     .   (no gloves)
MR       .....                  j - +0 pair of boots
Stlth    +.........             (no amulet)
HPRegen  0.12/turn              v - ring of resist corrosion
MPRegen  0.11/turn              (no ring)

@: appendage
A: horns 2, powered by death 1, spiny 2
a: End Transformation


You were on level 3 of the Dungeon.
You were not hungry.
You had grown temporary horns.
You visited 1 branch of the dungeon, and saw 3 of its levels.

You collected 125 gold pieces.

Inventory:

Hand Weapons
 i - a +4 dagger (weapon)
   (You took it off a kobold on level 1 of the Dungeon)
Missiles
 a - 11 arrows
 u - 8 curare-tipped needles
Armour
 b - a +0 robe (worn)
 j - a +0 pair of boots (worn)
   (You found it on level 1 of the Dungeon)
Jewellery
 h - an uncursed ring of ice {rC+, rF-}
   (You found it on level 1 of the Dungeon)
 v - a ring of resist corrosion (left hand)
   (You found it on level 3 of the Dungeon)
Scrolls
 c - 9 scrolls of identify
 e - a scroll of magic mapping {!r}
 f - a scroll of teleportation
 m - a scroll of immolation {unknown}
 n - 2 scrolls of fog
 q - a scroll of fear {unknown}
 r - a scroll of enchant armour {unknown}
 s - a scroll of enchant weapon {unknown}
 t - a scroll of blinking {unknown}
Potions
 k - a potion of degeneration {unknown}
 l - a potion of might
 o - a potion of heal wounds {unknown}
 p - a potion of brilliance {unknown}
Comestibles
 d - 6 rations


   Skills:
 - Level 1.0 Fighting
 - Level 1.7 Dodging
 * Level 4.5 Unarmed Combat
 - Level 2.0 Spellcasting
 + Level 3.0 Transmutations
 + Level 1.6 Poison Magic


You had 2 spell levels left.
You knew the following spells:

 Your Spells              Type           Power        Failure   Level  Hunger
a - Beastly Appendage     Tmut           ##....       6%          1    #......
c - Spider Form           Tmut/Pois      #.........   26%         3    ###....
s - Sticks to Snakes      Tmut           ##......     10%         2    ###....

Your spell library contained the following spells:

 Spells                   Type           Power        Failure   Level  Hunger
 Ice Form                 Ice/Tmut       #.......     75%         4    #####..
 Blade Hands              Tmut           ##........   87%         5    ######.


Dungeon Overview and Level Annotations

Branches:
Dungeon (3/15)

Altars:
Ashenzari
Dithmenos
Trog

Annotations:
D:3 Natasha


Innate Abilities, Weirdness & Mutations

You regenerate a little health from kills.
You are mostly covered in sharp spines.
You have a pair of horns on your head.


Message History

The giant cockroach is struck by your spines.
The giant cockroach barely misses you.
You hit the giant cockroach.
You kill the giant cockroach!
You see here a giant cockroach corpse.
You hit the frilled lizard.
You kill the frilled lizard!
No target in view!
You butcher the giant cockroach corpse.
g - 12 chunks of flesh {@w0} (gained 2)
Found a stone staircase leading down.
u - 8 curare-tipped needles
Found a stone staircase leading up.
There is a stone staircase leading down here.
d - 4 rations (gained 1)
Found an escape hatch in the floor.
You are feeling hungry.
v - a blackened bone ring
v - a ring of resist corrosion (left hand)
As you read the scroll labeled QAROXK DOAM, it crumbles to dust.
It is a scroll of identify.
l - a potion of might
As you read the scroll labeled INKIOFI TIOCLU, it crumbles to dust.
You feel strangely unstable.
It was a scroll of teleportation.
As you read the scroll labeled ITEAFU VUAF KOA, it crumbles to dust.
You feel aware of your surroundings.
It was a scroll of magic mapping.
As you read the scroll labeled XACOMUFOKH, it crumbles to dust.
The scroll dissolves into smoke.
It was a scroll of fog.
Your surroundings suddenly seem different.
Autoeating chunks.
Eating one of 12 chunks of flesh {@w0}.
You eat one of the 12 chunks of flesh {@w0}.
A kobold comes into view. It is wielding a +0 whip.
A bat and an ooze come into view.
The ooze quivers.
You catch the helpless kobold completely off-guard!
You hit the kobold.
You kill the kobold!
The bat barely misses you. The bat is struck by your spines.
The bat barely misses you.
You hit the bat but do no damage. The bat is struck by your spines.
You kill the bat!
You hit the ooze. The ooze hits you but does no damage.
You hit the ooze. The ooze hits you but does no damage.
You puncture the ooze!
You kill the ooze!
No target in view!
No target in view!
Things that are here:
a +0 whip; 17 stones A bat comes into view.
The bat is struck by your spines.
You kill the bat!
No target in view!
No target in view!
Some of the chunks of flesh in your inventory have rotted away.
d - 5 rations (gained 1)
d - 6 rations (gained 1) Some of the chunks of flesh in your inventory have rotted away.
You see here a mace.
Some of the chunks of flesh in your inventory have rotted away.
Items here: )) [ รท a +0 club; a +2 falchion of holy wrath; a +0 ring mail; a kobold skeleton
Things that are here:
a cursed -3 short sword; a +0 leather armour
Things that are here:
a +0 whip; a +0 scale mail; a stone You see here a +0 flail.
You see here a +0 hand axe.
All of the chunks of flesh in your inventory have rotted away.
There is a stone staircase leading up here.
Found a stone staircase leading down.
No target in view!
No target in view!
Found a stone staircase leading down.
c - 9 scrolls of identify (gained 1) Natasha, Servant of Life and Death comes into view.
Natasha hisses angrily.
Natasha casts a spell.
Natasha mumbles some strange words.
Natasha mumbles some strange words.
You hit the iron imp but do no damage. The iron imp hits you!
You take 8 damage, and have 29/37 hp.
MASSIVE DAMAGE!!
You grow a pair of large bovine horns.
The iron imp is struck by your spines. The iron imp hits you.
Natasha claws you.
You take 5 damage, and have 24/37 hp.
You now have 7/8 mp.
You miss Natasha. The white imp hits you. The white imp freezes you.
The iron imp hits you. Natasha is struck by your spines.
Natasha barely misses you.
The shadow imp is struck by your spines.
The shadow imp hits you.
You take 11 damage, and have 13/37 hp.
MASSIVE DAMAGE!!
You hit Natasha. The white imp completely misses you.
Natasha is struck by your spines. Natasha claws you!
* * * LOW HITPOINT WARNING * * *
The iron imp hits you!
You die...

#.........#.....# #...
#>........#.....# #...
########.........#.....# #...
#......#..^............#####.<(
#......#..................>....
#......#.........#.....####....
###................#.....####....
..#......#.......5.####..##......
..####.###......@5.## ##.##..####
..# #.# #......5h..####.#....#
..####.# #.............#...#..#
#......# #..........##..#.##..#
#####..###..........#.........#
.## ##................##..###.###
..# ##..............###...).....
#.####...........................
#..#...#.........................


You could see an iron imp, Natasha, a white imp and a shadow imp.

Vanquished Creatures
  An orc priest (D:3)
  Natasha (D:3)
  An adder (D:3)
  An ooze (D:3)
  4 worms
  3 dart slugs
  3 leopard geckos (D:2)
  6 orcs (D:3)
  3 giant cockroaches
  4 goblins
  6 hobgoblins
  8 jackals
  8 kobolds
  3 quokkas (D:3)
  6 bats
  6 frilled lizards
  7 rats
71 creatures vanquished.

Vanquished Creatures (collateral kills)
  An adder (D:2)
1 creature vanquished.

Grand Total: 72 creatures vanquished

Notes
Turn   | Place    | Note
-------+----------+-------------------------------------------
     0 | D:1      | Firecrotchwizard the Demonspawn Transmuter began the quest
                  | for the Orb.
     0 | D:1      | Reached XP level 1. HP: 15/15 MP: 3/3
   347 | D:1      | Reached skill level 3 in Unarmed Combat
   347 | D:1      | Reached skill level 2 in Transmutations
   347 | D:1      | Gained mutation: You regenerate a little health from kills.
                  | [demonic ancestry]
   347 | D:1      | Reached XP level 2. HP: 18/21 MP: 3/5
   351 | D:1      | Learned a level 2 spell: Sticks to Snakes
   605 | D:1      | HP: 2/21 [kobold/+4 dagger (4)]
  1475 | D:2      | Reached XP level 3. HP: 16/26 MP: 4/6
  1679 | D:2      | Learned a level 3 spell: Spider Form
  1962 | D:2      | HP: 6/26 [worm (10)]
  2339 | D:2      | Found a shadowy altar of Dithmenos.
  2384 | D:2      | Found a shattered altar of Ashenzari.
  2391 | D:2      | Gained mutation: You are partially covered in sharp spines.
                  | [demonic ancestry]
  2391 | D:2      | Reached XP level 4. HP: 28/32 MP: 3/7
  2657 | D:3      | Reached skill level 4 in Unarmed Combat
  2686 | D:3      | Found a bloodstained altar of Trog.
  2725 | D:3      | Reached skill level 1 in Poison Magic
  2738 | D:3      | Noticed Natasha
  2752 | D:3      | Killed Natasha
  3003 | D:3      | Reached skill level 3 in Transmutations
  3003 | D:3      | Gained mutation: You are mostly covered in sharp spines.
                  | [demonic ancestry]
  3003 | D:3      | Reached XP level 5. HP: 33/37 MP: 6/8
  3364 | D:3      | Noticed Natasha
  3371 | D:3      | HP: 5/37 [Natasha (8)]
  3371 | D:3      | Slain by an iron imp

Vault maps used:
D:1:      minmay_arrival_arboretum_small, st_stairs_8
D:2:      ashenzari_conservatory_becter, grunt_dithmenos_smoke_and_mirrors
D:3:      minmay_evil_eye, first_ration, trog_butcher_becter, uniq_natasha

Skill      XL: |  1  2  3  4 |
---------------+-------------+-----
Unarmed Combat | 3 4 |  4.5
Transmutations | 2 3 |  3.0
Poison Magic   | 1 |  1.6
Fighting       | |  1.0
Dodging        | |  1.7
Spellcasting   | |  2.0

Action                   |  1- 3 |  4- 6 || total
-------------------------+-------+-------++-------
Melee: Unarmed           |    36 |       ||    36
       Headbutt          |     8 |     8 ||    16
       Kick              |     2 |       ||     2
       Dagger            |   103 |    65 ||   168
       Punch             |       |     1 ||     1
 Cast: Beastly Appendage |    11 |     7 ||    18
       Sticks to Snakes  |     1 |       ||     1
  Use: Scroll            |       |     4 ||     4
 Stab: Sleeping          |     4 |     1 ||     5
       Distracted        |       |     1 ||     1
  Eat: Chunk             |     5 |     3 ||     8
Armor: Robe              |    21 |     9 ||    30
Dodge: Dodged            |    77 |    39 ||   116

Table legend:
 A = Non-vault XP
 B = Vault XP
 C = Vault XP percentage of total XP
 D = Non-vault monster count
 E = Vault monster count
 F = Vault count percentage of total count
                 A         B        C        D         E       F
            +---------+---------+-------+---------+---------+-------
      Total |     198 |      54 |  21.4 |      64 |       8 |  11.1
            +---------+---------+-------+---------+---------+-------
        D:1 |      32 |       2 |   5.9 |      16 |       1 |   5.9
        D:2 |      69 |       0 |   0.0 |      27 |       0 |   0.0
        D:3 |      97 |      52 |  34.9 |      21 |       7 |  25.0
            +---------+---------+-------+---------+---------+-------

Vault maps used:
D:1:      minmay_arrival_arboretum_small, st_stairs_8
D:2:      ashenzari_conservatory_becter, grunt_dithmenos_smoke_and_mirrors
D:3:      minmay_evil_eye, first_ration, trog_butcher_becter, uniq_natasha

Table legend:
 A = Turns spent in this place as a percentage of turns spent in the entire game.
 B = Non-inter-level travel turns spent in this place as a percentage of non-inter-level travel turns spent in the entire game.
 C = Inter-level travel turns spent in this place as a percentage of turns spent in this place.
 D = Turns resting spent in this place as a percentage of non-inter-level travel turns spent in this place.
 E = Turns spent auto-exploring this place as a percentage of non-inter-level travel turns spent in this place.
 F = Non-inter-level travel turns spent in this place divided by the number of levels of this place that you've seen.
                   A       B       C       D       E      F
               +-------+-------+-------+-------+-------+----------------------
         Total | 100.0 | 100.0 |   2.1 |  33.8 |  48.5 | 1100.0
       Dungeon | 100.0 | 100.0 |   2.1 |  33.8 |  48.5 | 1100.0
               +-------+-------+-------+-------+-------+----------------------

Table legend:
 A = Kills in this place as a percentage of kills in entire the game.
 B = Kills by you in this place as a percentage of kills by you in the entire game.
 C = Kills by friends in this place as a percentage of kills by friends in the entire game.
 D = Other kills in this place as a percentage of other kills in the entire game.
 E = Experience gained in this place as a percentage of experience gained in the entire game.
 F = Experience gained in this place divided by the number of levels of this place that you have seen.
                   A       B       C       D       E      F
               +-------+-------+-------+-------+-------+----------------------
         Total | 100.0 | 100.0 | 100.0 |   N/A | 100.0 |  84.0
       Dungeon | 100.0 | 100.0 | 100.0 |   N/A | 100.0 |  84.0
               +-------+-------+-------+-------+-------+----------------------
